 Dungeon Crawl Stone Soup version 0.21.1-1-g345015fe64 (console) character file.

62512 Kloppie the Bludgeoner (level 14, 0/202 HPs)
             Began as a Red Draconian Berserker on Mar 7, 2018.
             Was the Champion of Trog.
             Slain by a snapping turtle (12 damage)
             ... on level 2 of the Shoals.
             The game lasted 00:34:06 (21402 turns).

Kloppie the Bludgeoner (Red Draconian Berserker)   Turns: 21402, Time: 00:34:07

Health: 0/202      AC: 16    Str: 26    XL:     14   Next: 64%
Magic:  14/14      EV: 19    Int:  7    God:    Trog [******]
Gold:   1649       SH: 11    Dex: 15    Spells: 13/13 levels left

rFire    + + +     SeeInvis +   a - +2 eveningstar
rCold    + . .     Gourm    .   l - +0 shield
rNeg     + . .     Faith    .   (armour unavailable)
rPois    +         Spirit   .   r - -2 hat of the Alchemist {rElec rPois rF+ rC+ rN+ MR+ rMut rCorr}
rElec    +         Reflect  .   (no cloak)
rCorr    +         Harm     .   (no gloves)
rMut     +                      M - +0 pair of boots
MR       ++...                  I - amulet of Finality {RegenMP rF+ SInv}
Stlth    ..........             i - +3 ring of protection
HPRegen  0.43/turn              w - +6 ring of protection
MPRegen  0.39/turn

@: berserking, very quick
A: breathe fire, unfitting armour, fire resistance 1, cold-blooded, AC +8
a: Breathe Fire, Berserk, Trog's Hand, Brothers in Arms, Burn Spellbooks,
Renounce Religion


You were on level 2 of the Shoals.
You worshipped Trog.
Trog was exalted by your worship.
You were not hungry.

You visited 3 branches of the dungeon, and saw 22 of its levels.
You also visited: Bailey.

You collected 1649 gold pieces.

Inventory:

Hand Weapons
 a - a +2 eveningstar (weapon)
 c - a +1 flail
 L - a +4 morningstar of freezing
Armour
 e - the +7 large shield of the Lotus Blossom {rF- Dex+3 Slay+3 Stlth+}
   (You found it in a bailey)

   It affects your dexterity (+3).
   It affects your accuracy and damage with ranged weapons and melee attacks
   (+3).
   It makes you vulnerable to fire.
   It makes you more stealthy.
 l - a +0 shield (worn)
 r - the -2 hat of the Alchemist (worn) {rElec rPois rF+ rC+ rN+ MR+ rMut rCorr}
   (You found it on level 9 of the Dungeon)

   It protects you from fire.
   It protects you from cold.
   It insulates you from electricity.
   It protects you from poison.
   It protects you from negative energy.
   It affects your resistance to hostile enchantments.
   It protects you from acid and corrosion.
   It protects you from mutation.
 M - a +0 pair of boots (worn)
Jewellery
 i - a +3 ring of protection (left hand)
 j - an uncursed ring of poison resistance
 t - an uncursed ring of resist corrosion
 w - a +6 ring of protection (right hand)
 x - an uncursed ring of protection from fire
 I - the amulet of Finality (around neck) {RegenMP rF+ SInv}
   (You found it on level 5 of the Lair of Beasts)

   [amulet of magic regeneration]

   It increases your magic regeneration.
   It protects you from fire.
   It lets you see invisible.
 N - a +2 amulet of reflection
Wands
 d - a wand of disintegration (13)
 q - a wand of digging (37)
 v - a wand of clouds (6)
 y - a wand of acid (6)
 J - a wand of flame (54)
 K - a wand of paralysis (35)
Scrolls
 f - 2 scrolls of magic mapping
 o - 6 scrolls of enchant armour
 s - 11 scrolls of teleportation
 u - 5 scrolls of fear
 C - 2 scrolls of enchant weapon
 E - 8 scrolls of remove curse
 F - 4 scrolls of fog
 H - 6 scrolls of identify
Potions
 h - a potion of cancellation
 k - 4 potions of agility
 m - 3 potions of flight
 n - 3 potions of lignification
 p - 2 potions of haste
 z - 9 potions of curing
 A - a potion of heal wounds
 B - a potion of resistance
 D - 2 potions of might
Comestibles
 b - 36 rations


   Skills:
 + Level 15.2 Fighting
 - Level 16.0 Maces & Flails
 + Level 12.8 Dodging
 + Level 5.0 Shields


You had 13 spell levels left.
You didn't know any spells.

Dungeon Overview and Level Annotations

Branches:
Dungeon (13/15)            Temple (0/1) D:5            Lair (6/6) D:10
 Shoals (3/4) Lair:2       Spider (0/4) Lair:2        Slime (0/5) Lair:6
    Orc (0/2) D:9          Vaults (0/5) D:13

Altars:
Ashenzari
Cheibriados
Fedhas
Kikubaaqudgha
Makhleb
Sif Muna
Uskayaw
Wu Jian
Yredelemnul

Shops:
D:4 *   D:5 =   D:8 (

Annotations:
Lair:6 exclusion: oklob plant
Shoals:3 Polyphemus


Innate Abilities, Weirdness & Mutations

You can breathe blasts of fire.
Your fiery red scales are hard. (AC +8)
You cannot fit into any form of body armour.
Your flesh is heat resistant. (rF+)
You are cold-blooded and may be slowed by cold attacks.


Message History

The sea snake is heavily wounded.
You closely miss the sea snake.
The sea snake is heavily wounded.
You block the sea snake's attack.
You miss the sea snake.
Your tail-slap misses the sea snake.
The sea snake is heavily wounded.
You puncture the sea snake!
The sea snake is heavily wounded.
You block the sea snake's attack. You block the snapping turtle's attack.
You bludgeon the sea snake!!
The sea snake is almost dead.
The sea snake closely misses you.
You closely miss the sea snake.
The sea snake is almost dead.
You block the snapping turtle's attack.
You thump the sea snake!
You kill the sea snake!
Trog accepts your kill. The snapping turtle bites you!
You die...

≈≈≈≈≈≈≈≈≈≈..)...≈≈≈≈≈≈≈
≈≈≈≈≈≈≈≈≈≈.##....m≈≈≈≈≈
≈≈≈≈≈≈≈≈.####....≈≈≈≈≈
≈≈≈≈≈≈≈≈.####....≈≈≈≈≈
≈≈≈≈≈≈≈≈≈....##..≈≈≈≈≈
≈≈≈≈≈≈≈≈≈≈≈≈.# ..≈≈≈≈≈
≈≈≈≈≈≈≈≈≈≈≈.##.≈≈≈≈.≈
≈≈≈≈.≈..>†≈[.≈≈≈≈≈≈≈≈
≈≈≈....†@..≈≈≈≈≈≈≈m≈≈
≈≈≈.####t≈≈≈>≈.≈..≈≈≈
≈≈.. #^)≈≈≈..... ≈≈.
#.≈≈≈.##... ≈≈
...≈≈≈≈.# ..
..≈≈≈≈≈≈≈≈.
≈≈..≈≈≈≈≈≈≈≈≈.
P≈P≈≈≈≈≈≈≈≈≈≈.#
≈≈≈≈≈≈≈≈≈≈≈≈?..


You could see a snapping turtle.

Vanquished Creatures
  A merfolk impaler (Lair:2)
  7 hydras
  5 vault guards (D:13)
  A catoblepas (Shoals:3)
  3 two-headed ogres
  A tengu warrior (D:13)
  A death yak (Shoals:2)
  Urug (D:13)
  3 skeletal warriors (D:13)
  A sea snake (Shoals:2)
  The ghost of kripto the Basher, a novice FoFi (D:5)
  Pikel (D:8)
  A wizard (D:12)
  3 orc knights (Bailey)
  3 ugly things
  An orc sorcerer (D:12)
  A cyclops (D:13)
  A faun (Shoals:2)
  4 manticores
  2 merfolk sirens
  2 black mambas
  11 elephants
  4 torpor snails
  A water nymph (Shoals:3)
  4 gargoyles
  8 spiny frogs
  3 komodo dragons
  2 yaktaurs
  A troll (D:12)
  10 polar bears
  3 merfolk
  2 raiju (Lair:6)
  8 blink frogs
  10 dream sheep
  10 hippogriffs
  A redback (Lair:2)
  A vampire (D:11)
  A spriggan (Lair:3)
  A shadow (D:12)
  20 yaks
  3 wyverns
  A yak (shapeshifter) (D:8)
  5 basilisks
  2 steam dragons
  6 wargs (Lair:6)
  12 water moccasins
  12 hell hounds (Lair:6)
  Duvessa (D:6)
  7 porcupines
  11 orc warriors
  2 ice beasts
  12 black bears
  5 sky beasts
  2 slaves (D:8)
  A necrophage (D:10)
  7 ogres
  25 wolves
  12 centaurs
  8 crocodiles
  17 bullfrogs
  2 wyvern zombies
  Dowan (D:6)
  2 scorpions
  4 killer bees (D:8)
  12 wights
  An electric eel (Lair:3)
  4 howler monkeys
  4 crimson imps
  A bullfrog zombie (D:5)
  A quasit (D:12)
  A centaur zombie (D:7)
  12 orc priests
  A bullfrog skeleton (D:9)
  2 hounds
  2 jellies
  5 centaur skeletons
  12 orc wizards
  6 iguanas
  7 worker ants
  Natasha (twice) (D:3)
  Terence (D:2)
  11 gnolls
  A howler monkey skeleton (D:8)
  16 adders
  A shadow imp (D:12)
  An ooze (D:5)
  2 adder skeletons
  A dart slug (D:4)
  6 leopard geckos
  64 orcs
  3 bats (D:1)
  4 giant cockroaches
  7 goblins
  10 hobgoblins
  11 jackals
  5 quokkas
  3 frilled lizards
  6 kobolds
  A quokka zombie (D:6)
  3 rats
535 creatures vanquished.

Vanquished Creatures (others)
  A hell hound (Lair:6)
  A slave (D:8)
  A killer bee (D:8)
  An adder zombie (D:8)
  32 fungi (Lair:6)
  20 plants
  11 toadstools (Lair:6)
67 creatures vanquished.

Grand Total: 602 creatures vanquished

Notes
Turn   | Place    | Note
-------+----------+-------------------------------------------
     0 | D:1      | Kloppie the Draconian Berserker began the quest for the Orb.
     0 | D:1      | Reached XP level 1. HP: 19/19 MP: 1/1
   164 | D:1      | Reached XP level 2. HP: 26/26 MP: 2/2
   796 | D:2      | Noticed Terence
   806 | D:2      | Killed Terence
   806 | D:2      | Reached skill level 1 in Shields
   806 | D:2      | Reached XP level 3. HP: 27/33 MP: 3/3
  1478 | D:3      | Reached XP level 4. HP: 39/40 MP: 4/4
  1549 | D:3      | Reached ** piety under Trog
  1595 | D:3      | Reached skill level 4 in Maces & Flails
  1876 | D:3      | Found a burning altar of Makhleb.
  1926 | D:3      | Reached XP level 5. HP: 34/47 MP: 5/5
  2232 | D:3      | Noticed Natasha
  2251 | D:3      | Killed Natasha
  2370 | D:3      | Noticed Natasha
  2380 | D:3      | Killed Natasha
  2510 | D:4      | Reached skill level 5 in Fighting
  2755 | D:4      | Reached XP level 6. HP: 56/56 MP: 6/6
  2837 | D:4      | Found Ituceo's Elemental Accessories.
  2937 | D:4      | Reached skill level 5 in Maces & Flails
  2947 | D:4      | Your scales start taking on a fiery red colour.
  2947 | D:4      | Reached XP level 7. HP: 23/62 MP: 7/7
  2947 | D:4      | Gained mutation: Your flesh is heat resistant. (rF+) [Red Draconian growth]
  3367 | D:5      | Entered Level 5 of the Dungeon
  3396 | D:5      | Found Focsi's Jewellery Boutique.
  3410 | D:5      | Found a staircase to the Ecumenical Temple.
  3422 | D:5      | Reached *** piety under Trog
  3486 | D:5      | Noticed kripto's ghost (novice FoFi)
  3858 | D:5      | Reached skill level 6 in Maces & Flails
  3918 | D:5      | Killed kripto's ghost
  3918 | D:5      | Reached skill level 7 in Maces & Flails
  3918 | D:5      | Reached XP level 8. HP: 58/74 MP: 8/8
  4887 | D:6      | Reached skill level 8 in Maces & Flails
  5029 | D:6      | Reached XP level 9. HP: 66/83 MP: 9/9
  5064 | D:6      | Noticed Dowan
  5065 | D:6      | Noticed Duvessa
  5077 | D:6      | Killed Duvessa
  5087 | D:6      | Killed Dowan
  5108 | D:6      | Reached skill level 9 in Maces & Flails
  5418 | D:6      | Found a shattered altar of Ashenzari.
  5899 | D:7      | Reached **** piety under Trog
  6495 | D:7      | Found a hide-covered altar of Uskayaw.
  6853 | D:8      | Noticed Pikel
  6863 | D:8      | Killed Pikel
  6863 | D:8      | Reached skill level 10 in Maces & Flails
  6863 | D:8      | Reached skill level 5 in Dodging
  6913 | D:8      | Reached XP level 10. HP: 89/93 MP: 10/10
  7186 | D:8      | Found Mos Unk's Antique Weapon Emporium.
  7267 | D:8      | Found an ancient bone altar of Kikubaaqudgha.
  7277 | D:8      | Found a transporter.
  7281 | D:8      | Noticed a fire crab
  7281 | D:8      | a yak changed into a fire crab
  7282 | D:8      | a fire crab changed into a spriggan
  7285 | D:8      | Found a transporter.
  7517 | D:8      | Found a deep blue altar of Sif Muna.
  7790 | D:9      | Found an ornate altar of the Wu Jian Council.
  7915 | D:9      | Found a staircase to the Orcish Mines.
  8245 | D:9      | Found the -2 hat of the Alchemist {rElec rPois rF+ rC+ rN+ MR+ rMut rCorr}
  8378 | D:9      | Found a basalt altar of Yredelemnul.
  8379 | D:9      | Found a snail-covered altar of Cheibriados.
  8521 | D:10     | Entered Level 10 of the Dungeon
  8543 | D:10     | Reached skill level 11 in Maces & Flails
  8687 | D:10     | Noticed a gargoyle
  8691 | D:10     | Killed a gargoyle
  8709 | D:10     | Found a staircase to the Lair.
  9137 | Lair:1   | Entered Level 1 of the Lair of Beasts
  9485 | Lair:1   | Reached skill level 12 in Maces & Flails
  9485 | Lair:1   | Reached XP level 11. HP: 98/99 MP: 11/11
 10215 | Lair:2   | Reached ***** piety under Trog
 10756 | Lair:2   | Found a hole to the Spider Nest.
 11003 | Lair:2   | Reached skill level 13 in Maces & Flails
 11182 | Lair:2   | Found a staircase to the Shoals.
 11202 | Lair:2   | Reached skill level 14 in Maces & Flails
 11749 | Lair:3   | Reached skill level 15 in Maces & Flails
 11749 | Lair:3   | Reached XP level 12. HP: 66/106 MP: 12/12
 12545 | Lair:4   | Noticed a four-headed hydra
 12615 | Lair:4   | Reached skill level 16 in Maces & Flails
 12676 | Lair:4   | Found a snail-covered altar of Cheibriados.
 12700 | Lair:4   | Reached skill level 10 in Fighting
 13686 | Lair:5   | Got a flickering zirconium amulet
 13687 | Lair:5   | Identified the amulet of Finality {RegenMP rF+ SInv} (You found it on level 5 of the Lair of Beasts)
 13833 | Lair:6   | Entered Level 6 of the Lair of Beasts
 13833 | Lair:6   | Found a staircase to the Slime Pits.
 13838 | Lair:6   | Noticed a four-headed hydra
 13856 | Lair:5   | Killed a four-headed hydra
 14311 | Lair:6   | Noticed a seven-headed hydra
 14351 | Lair:5   | Killed a seven-headed hydra
 14679 | Lair:6   | Killed a four-headed hydra
 14716 | Lair:6   | Found a blossoming altar of Fedhas.
 14846 | Lair:6   | Reached XP level 13. HP: 87/116 MP: 13/13
 14901 | Lair:6   | Received a gift from Trog
 15370 | Lair:6   | Reached skill level 10 in Dodging
 15775 | Lair:6   | Received a gift from Trog
 16470 | D:11     | Found a flagged portal.
 16480 | Bailey   | Entered a bailey
 17062 | Bailey   | Got a shimmering large shield
 17068 | Bailey   | Identified the +7 large shield of the Lotus Blossom {rF- Dex+3 Slay+3 Stlth+} (You found it in a bailey)
 19139 | D:12     | Reached ****** piety under Trog
 19179 | D:12     | Reached XP level 14. HP: 130/130 MP: 14/14
 19988 | D:13     | Received a gift from Trog
 20271 | D:13     | Found a gate to the Vaults.
 20339 | D:13     | Noticed Urug
 20376 | D:13     | Killed Urug
 20806 | Shoals:1 | Entered Level 1 of the Shoals
 20843 | Lair:2   | Reached skill level 15 in Fighting
 21366 | Shoals:3 | Noticed Polyphemus
 21391 | Shoals:2 | HP: 10/202 [death yak[Polyphemus] (11)]
 21394 | Shoals:2 | Reached skill level 5 in Shields
 21402 | Shoals:2 | Slain by a snapping turtle

Skill      XL: |  1  2  3  4  5  6  7  8  9 10 11 12 13 14 |
---------------+-------------------------------------------+-----
Fighting       | 4 5 8 9 11 13 15 | 15.2
Shields        | 1 2 3 4 5 |  5.0
Maces & Flails | 4 5 7 8 10 12 15 16 | 16.0
Dodging        | 5 7 9 11 12 | 12.8

Action                   |  1- 3 |  4- 6 |  7- 9 | 10-12 | 13-15 || total
-------------------------+-------+-------+-------+-------+-------++-------
Melee: Mace              |    93 |    51 |       |       |       ||   144
       Tailslap          |     6 |    17 |    57 |    95 |   126 ||   301
       Flail             |       |   106 |   371 |    34 |       ||   511
       Morningstar       |       |       |       |   574 |   672 ||  1246
       Eveningstar       |       |       |       |       |    99 ||    99
Invok: Berserk           |       |     4 |     4 |     1 |     5 ||    14
       Trog's Hand       |       |       |     1 |     3 |     2 ||     6
 Abil: Breathe Fire      |       |       |     1 |       |     5 ||     6
Evoke: Wand              |       |       |       |       |     4 ||     4
  Use: Potion            |     1 |       |     3 |     1 |     2 ||     7
       Scroll            |       |     6 |    10 |    13 |     3 ||    32
 Stab: Sleeping          |       |       |     2 |     5 |       ||     7
       Distracted        |       |       |     1 |       |       ||     1
       Petrified         |       |       |       |       |     5 ||     5
  Eat: Chunk             |     2 |     7 |    15 |    25 |    12 ||    61
       Ration            |       |       |     1 |     1 |     5 ||     7
Armor: Skin              |    25 |    34 |    87 |   134 |   163 ||   443
Dodge: Dodged            |    54 |    78 |   177 |   418 |   595 ||  1322
Block: Buckler           |    18 |    52 |   110 |   202 |   237 ||   619
       Shield            |       |       |       |       |    53 ||    53
